 Dungeon Crawl Stone Soup version 0.27-a0-1200-g94dc6ad4cf (webtiles) character file.

Game seed: 6443748847010572490

130 wakim the Cudgeller (level 4, -3/38 HPs)
             Began as a Minotaur Gladiator on June 1, 2021.
             Killed by divine providence
             ... invoked by an orc priest
              (8 damage)
             ... on level 4 of the Dungeon.
             The game lasted 00:04:40 (2555 turns).

wakim the Cudgeller (Minotaur Gladiator)            Turns: 2555, Time: 00:04:40

Health: -3/38      AC:  3    Str: 18    XL:     4   Next: 89%
Magic:  3/3        EV: 12    Int:  6    God:
Gold:   225        SH:  0    Dex: 12    Spells: 3/3 levels left

rFire    . . .     SeeInvis .   b - +3 trident (protect)
rCold    . . .     Faith    .   (no shield)
rNeg     . . .     Spirit   .   j - +0 leather armour
rPois    .         Reflect  .   c - +0 hat
rElec    .         Harm     .   (no cloak)
rCorr    .         Rampage  .   (no gloves)
Will     .....                  (no boots)
Stlth    +.........             (no amulet)
HPRegen  0.12/turn              (no ring)
MPRegen  0.08/turn              (no ring)

@: no status effects
A: horns 2, retaliatory headbutt
a: no special abilities


You were on level 4 of the Dungeon.
You visited 1 branch of the dungeon, and saw 4 of its levels.

You collected 225 gold pieces.

Inventory:

Hand Weapons
 a - a +0 flail
 b - a +3 trident of protection (weapon)
Missiles
 d - 3 throwing nets (quivered) {=f!f}
 e - 5 poisoned darts
 g - 8 boomerangs
Armour
 c - a +0 hat (worn)
 j - a +0 leather armour (worn)
Scrolls
 T - a scroll of teleportation
Potions
 f - 2 potions of heal wounds {unknown}
 h - a potion of berserk rage {unknown}
 i - a potion of cancellation {unknown}
 k - a potion of brilliance {unknown}
 l - a potion of degeneration {unknown}
 K - 3 potions of magic


   Skills:
 + Level 3.4 Fighting
 * Level 5.1 Maces & Flails
 - Level 2.0 Throwing
 + Level 2.2 Armour
 + Level 4.0 Dodging


You had 3 spell levels left.
You didn't know any spells.
Your spell library contained the following spells:

 Spells                   Type           Power      Damage    Failure   Level
 Animate Skeleton         Necr           0%         N/A       52%         1
 Foxfire                  Conj/Fire      0%         2x1d4     52%         1
 Pain                     Necr           0%         1d4       52%         1
 Conjure Flame            Conj/Fire      0%         6-21      87%         3
 Inner Flame              Hex/Fire       0%         N/A       87%         3
 Vampiric Draining        Necr           0%         2d6       87%         3
 Animate Dead             Necr           0%         N/A       99%         4
 Sticky Flame             Conj/Fire      0%         2d3       99%         4
 Agony                    Necr           0%         N/A       100%        5
 Fireball                 Conj/Fire      0%         3d3       100%        5


Dungeon Overview and Level Annotations

Branches:
Dungeon (4/15)
 Temple: D:4-7

Altars:
Dithmenos
Fedhas
Uskayaw
Vehumet
Xom
Zin

Annotations:
D:3 3 runed translucent doors, senseless's ghost, amateur OgTm


Innate Abilities, Weirdness & Mutations

You have a pair of horns on your head.
You reflexively headbutt those who attack you in melee.


Message History

Found a blue potion.
A hobgoblin comes into view.
The hobgoblin moves out of view.
A hobgoblin is nearby!
A hobgoblin is nearby!
The hobgoblin shouts!
You reach to attack!
You hit the hobgoblin.
Your weapon exudes an aura of protection.
You kill the hobgoblin!
No target in view!
l - a blue potion
Found 8 gold pieces.
You now have 225 gold pieces (gained 8). 2 orcs come into view.
The orc shouts! x2
An orc priest comes into view. It is wielding a +0 short sword.
The orc priest shouts!
The orc priest calls down the wrath of Beogh upon you.
Beogh smites you!
An orc priest comes into view. It is wielding a +0 hand axe.
The orc hits you with a +0 hand axe.
You hit the orc.
Your weapon exudes an aura of protection.
The orc is severely wounded.
The orc hits you with a +0 hand axe.
You closely miss the orc.
The orc is severely wounded.
The orc hits you with a +0 hand axe.
You barely miss the orc.
The orc is severely wounded.
The orc priest mumbles some strange prayers to Beogh against you.
Beogh smites you!
* * * LOW HITPOINT WARNING * * *
The orc priest invokes the aid of Beogh against you.
Pain shoots through your body!
* * * LOW HITPOINT WARNING * * *
The orc priest begins to cast a cantrip, but forgets the words!
The orc priest calls down the wrath of Beogh upon you.
Beogh smites you!
You die...

####### .......## . ..
.......+. ##. . ..#
.......#. ..... ...
......... ....#. ####.#
#####.. #.... ....#
#...... #....#####..#
#.###.#
#.....@#.#..#####.#...#
#......#.#............#
#.#...o..#......o.#.#.#
.##..o..#.......##.#.#
........o#............#
#..........#.....##.###
..........o.#.....##.#
.##................#.#
#........#####.###.#


You could see 2 orc priests and 2 orcs.

Vanquished Creatures
  Jessica (D:2)
  Robin (D:3)
  An adder (D:3)
  2 worms
  A dart slug (D:3)
  6 bats
  4 endoplasms
  A giant cockroach (D:3)
  7 goblins
  11 hobgoblins
  19 jackals
  A quokka (D:2)
  6 ball pythons
  A frilled lizard (D:2)
  A kobold (D:2)
  2 rats (D:1)
65 creatures vanquished.

Vanquished Creatures (others)
  A fungus (D:3)
  3 plants (D:3)
4 creatures vanquished.

Grand Total: 69 creatures vanquished

Notes
Turn   | Place    | Note
-------+----------+-------------------------------------------
     0 | D:1      | wakim the Minotaur Gladiator began the quest for the Orb.
     0 | D:1      | Reached XP level 1. HP: 18/18 MP: 0/0
   178 | D:1      | Reached XP level 2. HP: 25/25 MP: 1/1
   179 | D:1      | Reached skill level 4 in Maces & Flails
   427 | D:1      | Reached skill level 1 in Armour
   854 | D:1      | Found a faded altar of an unknown god.
   981 | D:2      | Reached XP level 3. HP: 26/30 MP: 2/2
  1273 | D:2      | Noticed Jessica
  1386 | D:2      | Killed Jessica
  1387 | D:2      | Reached XP level 4. HP: 38/38 MP: 3/3
  1869 | D:3      | Noticed Robin
  1881 | D:3      | Killed Robin
  1882 | D:3      | Reached skill level 5 in Maces & Flails
  1956 | D:3      | Found a radiant altar of Vehumet.
  2222 | D:3      | Found a blossoming altar of Fedhas.
  2337 | D:3      | Found a runed translucent gate.
  2337 | D:3      | Found a runed translucent gate.
  2345 | D:3      | Found a runed translucent gate.
  2345 | D:3      | Noticed a kobold brigand
  2346 | D:3      | Noticed senseless's ghost (amateur OgTm)
  2394 | D:3      | Found a hide-covered altar of Uskayaw.
  2397 | D:3      | Found a shadowy altar of Dithmenos.
  2400 | D:3      | Found a shimmering altar of Xom.
  2403 | D:3      | Found a glowing silver altar of Zin.
  2555 | D:4      | Killed from afar by an orc priest

Illustrated notes

Levels and vault maps discovered:
D:1:      ncdulo_halloftheorcs, layout_loops_ring,
          hellmonk_ecumenical_altar_inner_sanctum
D:2:      layout_basic, minmay_split_cup_small, uniq_jessica
D:3:      layout_rooms, lemuel_tele_altar, fedhas_altar_4,
          grunt_temple_overflow_cloverleaf, gammafunk_ghost_nasty_kobolds,
          minmay_misc_feat_roman, minmay_misc_feat_diagonals, uniq_robin
D:4:      mumra_celtic_spiral_tile, layout_basic, overflow_temple_1_default

Skill      XL: |  1  2  3  4 |
---------------+-------------+-----
Maces & Flails | 4 5 |  5.1
Armour         | 1 2 |  2.2
Fighting       | 3 |  3.4
Dodging        | 4 |  4.0
Throwing       | |  2.0

Action                   |  1- 3 |  4- 6 || total
-------------------------+-------+-------++-------
Melee: Flail             |    66 |    34 ||   100
       Headbutt          |     9 |     7 ||    16
       Trident           |       |    17 ||    17
  Use: Scroll            |     2 |     1 ||     3
Armor: Leather armour    |    15 |     2 ||    17
Dodge: Dodged            |    61 |    25 ||    86

Table legend: (Time is in decaauts)
 A = Elapsed time spent in this place.
 B = Non-inter-level travel time spent in this place.
 C = Inter-level travel time spent in this place.
 D = Time resting spent in this place.
 E = Time spent auto-exploring this place.
 F = Levels seen in this place.
 G = Mean time per level.
                   A        B        C        D        E       F      G
               +--------+--------+--------+--------+--------+-----+--------+
         Total |   2579 |   2454 |    125 |    100 |   1988 |   4 |  644.8 |
       Dungeon |   2579 |   2454 |    125 |    100 |   1988 |   4 |  644.8 |
               +--------+--------+--------+--------+--------+-----+--------+

Top non-repeatable levels by time:
     D:1: 1023 daAuts
     D:3: 754 daAuts
     D:2: 724 daAuts
     D:4: 77 daAuts
